 Dungeon Crawl Stone Soup version 0.30.1-3-gfc49f6343a (webtiles) character file.

Game seed: 12336509937471543804

105 Atelerd the Digger (level 4, 0/27 HPs)
             Began as an Octopode Earth Elementalist on July 23, 2023.
             Slain by a hound (1 damage)
             ... on level 4 of the Dungeon.
             The game lasted 00:04:03 (2330 turns).

Atelerd the Digger (Octopode Earth Elementalist)    Turns: 2330, Time: 00:04:04

Health: 0/27       AC:  1    Str:  7    XL:     4   Next: 83%
Magic:  6/8        EV: 13    Int: 19    God:
Gold:   161        SH:  0    Dex: 12    Spells: 7/8 levels left

rFire   . . .        o - +2 dagger (drain)
rCold   . . .        (no shield)
rNeg    . . .        (helmet restricted)
rPois   .            (no amulet)
rElec   .            (no ring)
rCorr   .            (no ring)
SInv    .            (no ring)
Will    .....        (no ring)
Stlth   +++          (no ring)
HPRegen 0.24/turn    (no ring)
MPRegen 0.11/turn    (no ring)
                     (no ring)

%: no passive effects
@: weak-willed
A: almost no armour, amphibious, 8 rings, camouflage 1, gelatinous body 1,
(nimble swimmer 1), tentacles
a: no special abilities


You were on level 4 of the Dungeon.
You visited 1 branch of the dungeon, and saw 4 of its levels.

You collected 161 gold pieces.

Inventory:

Hand Weapons
 d - a +0 dagger
 o - a +2 dagger of draining (weapon)
Scrolls
 c - 7 scrolls of identify {unknown}
 h - a scroll of silence {unknown}
 i - 3 scrolls of teleportation {unknown}
 j - 4 scrolls of fog {unknown}
 k - a scroll of enchant armour
 l - a scroll of vulnerability
 m - 3 scrolls of torment {unknown}
 n - a scroll of blinking {unknown}
Potions
 a - a potion of magic
 b - a potion of lignification {unknown}
 e - 2 potions of curing
 f - 3 potions of berserk rage {unknown}
 g - 3 potions of resistance {unknown}
 p - a potion of might {unknown}


   Skills:
 - Level 2.1 Dodging
 - Level 2.9 Stealth
 - Level 1.1 Unarmed Combat
 + Level 2.8 Spellcasting
 * Level 2.6 Transmutations
 + Level 3.5 Earth Magic


You had 7 spell levels left.
You knew the following spells:

 Your Spells              Type           Power      Damage    Failure   Level
a - Sandblast             Erth           32%        2d9       3%          1

Your spell library contained the following spells:

 Spells                   Type           Power      Damage    Failure   Level
 Passwall                 Tmut/Erth      11%        N/A       7%          2
 Kiss of Death            Conj/Necr      8%         2d6       16%         1
 Stone Arrow              Conj/Erth      18%        3d8       22%         3
 Petrify                  Tmut/Erth      14%        N/A       41%         4
 Confusing Touch          Hex            2%         N/A       43%         3
 Dazzling Flash           Conj/Hex       4%         N/A       43%         3
 Vhi's Electric Charge    Tloc/Air       4%         N/A       43%         3
 Dispel Undead            Necr           2%         3d7       83%         4
 Agony                    Necr           2%         N/A       99%         5
 Arcjolt                  Conj/Air       1%         1d11      99%         5
 Silence                  Hex/Air        1%         N/A       99%         5
 Plasma Beam              Fire/Air       1%         2x1d12    100%        6


Dungeon Overview and Level Annotations

Branches:
Dungeon (4/15)
 Temple: D:4-7

Altars:

Shops:
D:1 [


Innate Abilities, Weirdness & Mutations

You cannot wear most types of armour.
You are amphibious.
You can wear up to eight rings at the same time.
Your skin changes colour to match your surroundings (Stealth+).
Your rubbery body absorbs attacks. (AC +1, EV +1)
((You are camouflaged when in or above water. (Stealth+)))
You have tentacles for arms and can constrict up to eight enemies at once.


Message History

The hound is moderately wounded.
You constrict the hound. The hound bites you. x2
The blast of sand hits the hound!
The hound is severely wounded.
You constrict the hound, but do no damage.
The hound bites you. The hound closely misses you. The hound bites you.
The blast of sand hits the hound but does no damage.
The hound is severely wounded.
You constrict the hound. The hound misses you. The hound closely misses you.
The hound bites you. x2
* * * LOW HITPOINT WARNING * * *
You are too injured to fight recklessly!
Okay, then.
As you read the scroll labelled CUKLIH EBBOTS, it crumbles to dust.
Magic quickly surges around you.
It was a scroll of vulnerability.
You constrict the hound, but do no damage.
The hound barely misses you. The hound bites you but does no damage.
The hound bites you.
* * * LOW HITPOINT WARNING * * *
The hound bites you.
* * * LOW HITPOINT WARNING * * *
As you read the scroll labelled BEYNAS GIUKH, it crumbles to dust.
It is a scroll of enchant armour.
You aren't carrying any armour which can be enchanted further.
You constrict the hound. The hound bites you.
* * * LOW HITPOINT WARNING * * *
The hound closely misses you. What are your orders? t - Shout!
Orders for allies: a - Attack new target. p - Attack previous target. r - Retreat! s - Stop attacking. g - Guard the area. f - Follow me.
Anything else - Cancel.
Okay, then.
It was a potion of curing.
You feel better.
You constrict the hound, but do no damage.
The hound completely misses you. The hound bites you.
* * * LOW HITPOINT WARNING * * *
The hound bites you.
You die...

####### ###
...... ..#
#[#.##..#
#....#..#
#....h†.#####
#.#.#...?@h......
>..(........#####
.#.###.###.#
#.###.###.#
#.........#
####...####
##.....##
##.......##
#.........####...


You could see 2 hounds.

Vanquished Creatures
  4 adders
  A worm (D:2)
  6 dart slugs
  2 orcs (D:3)
  3 ball pythons
  2 giant cockroaches
  5 goblins
  7 hobgoblins
  3 jackals (D:1)
  4 quokkas
  4 bats
  A frilled lizard (D:1)
  3 kobolds
  6 rats
51 creatures vanquished.

Notes
Turn   | Place    | Note
-------+----------+-------------------------------------------
     0 | D:1      | Atelerd the Octopode Earth Elementalist began the quest for
                  | the Orb.
     0 | D:1      | Reached XP level 1. HP: 11/11 MP: 3/3
   157 | D:2      | Reached XP level 2. HP: 9/17 MP: 0/5
   384 | D:2      | Found a faded altar of an unknown god.
   407 | D:2      | Reached skill level 1 in Unarmed Combat
   594 | D:2      | Reached XP level 3. HP: 21/21 MP: 4/6
  1062 | D:1      | Reached XP level 4. HP: 23/27 MP: 7/7
  1250 | D:1      | Found Riefiant's Antique Armour Shop.
  2329 | D:4      | HP: 1/27 [hound (4)]
  2330 | D:4      | Slain by a hound

Illustrated notes

Levels and vault maps discovered:
D:1:      ldierk_walled_garden_2, layout_basic, serial_shops,
          nicolae_shop_peninsula, kennysheep_doodads
D:2:      kennysheep_big_flooded_room, layout_basic,
          dreamdust_ecumenical_altar_angels_and_demons, serial_bayou,
          serial_bayou_ford_a, serial_bayou_lake_a, serial_bayou_lagoon_b,
          serial_bayou_crossing
D:3:      layout_loops_ring, minmay_misc_feat_nine_boxes
D:4:      layout_loops_corners, nicolae_overflow_hallway_of_the_gods, uniq_pikel

Skill      XL: |  1  2  3  4 |
---------------+-------------+-----
Unarmed Combat | 1 |  1.1
Transmutations | 2 |  2.6
Dodging        | |  2.1
Stealth        | |  2.9
Spellcasting   | |  2.8
Earth Magic    | |  3.5

Action                     |  1- 3 |  4- 6 || total
---------------------------+-------+-------++-------
  Melee: Dagger            |    25 |    52 ||    77
         Constrict         |     7 |    17 ||    24
         Unarmed           |     2 |       ||     2
         Tentacles         |     3 |    10 ||    13
   Cast: Sandblast         |    13 |     5 ||    18
    Use: Scroll            |       |     2 ||     2
         Potion            |       |     1 ||     1
   Stab: Sleeping          |     4 |     7 ||    11
         Distracted        |       |     1 ||     1
 Armour: Skin              |     2 |     4 ||     6
  Dodge: Dodged            |    14 |    41 ||    55
